 Dungeon Crawl Stone Soup version 0.29-a0-393-g47a863cc1b (webtiles) character file.

Game seed: 17638985525757613914

167 hquester the Conjurer (level 5, -5/40 HPs)
             Began as a Draconian Conjurer on May 10, 2022.
             Slain by an iguana (10 damage)
             ... on level 3 of the Dungeon.
             The game lasted 00:12:45 (2301 turns).

hquester the Conjurer (Draconian Conjurer)          Turns: 2301, Time: 00:12:45

Health: -5/40      AC:  5    Str: 11    XL:     5   Next: 23%
Magic:  8/8        EV: 12    Int: 19    God:
Gold:   142        SH:  0    Dex:  9    Spells: 7/8 levels left

rFire   . . .      SeeInvis .   j - +2 short sword (venom)
rCold   . . .      Faith    .   (no shield)
rNeg    + . .      Spirit   .   (body armour unavailable)
rPois   .          Reflect  .   (helmet restricted)
rElec   .          Harm     .   (no cloak)
rCorr   .          Rampage  .   (no gloves)
Will    .....                   (no boots)
Stlth   ++........              (no amulet)
HPRegen 0.13/turn               h - ring of positive energy
MPRegen 0.11/turn               (no ring)

@: no status effects
A: AC +5, unfitting armour, cold-blooded
a: no special abilities


You were on level 3 of the Dungeon.
You visited 1 branch of the dungeon, and saw 3 of its levels.

You collected 142 gold pieces.

Inventory:

Hand Weapons
 j - a +2 short sword of venom (weapon)
Missiles
 c - 26 stones
Jewellery
 h - a ring of positive energy (left hand)
 k - a ring of willpower
Scrolls
 b - a scroll of teleportation {unknown}
 e - a scroll of blinking {unknown}
Potions
 a - a potion of magic
 d - a potion of haste
 f - 2 potions of flight
 g - a potion of cancellation {unknown}
 i - a potion of brilliance {unknown}


   Skills:
 + Level 1.4 Fighting
 + Level 1.6 Short Blades
 + Level 2.5 Dodging
 + Level 2.3 Stealth
 + Level 1.0 Unarmed Combat
 + Level 2.3 Spellcasting
 + Level 4.9 Conjurations


You had 7 spell levels left.
You knew the following spells:

 Your Spells              Type           Power      Damage    Failure   Level
a - Magic Dart            Conj           84%        1d7       2%          1

Your spell library contained the following spells:

 Spells                   Type           Power      Damage    Failure   Level
 Searing Ray              Conj           42%        2d6       3%          2
 Dazzling Flash           Conj/Hex       22%        N/A       19%         3
 Fulminant Prism          Conj/Hex       5%         3d7       52%         4
 Iskenderun's Mystic Bla  Conj/Tloc      11%        2d4       52%         4


Dungeon Overview and Level Annotations

Branches:
Dungeon (3/15)

Altars:

Shops:
D:1 (


Innate Abilities, Weirdness & Mutations

Your plain brown scales are hard. (AC +5)
You cannot fit into any form of body armour.
You are cold-blooded and may be slowed by cold attacks.


Message History

* * * LOW HITPOINT WARNING * * *
Pargi bites you.
* * * LOW HITPOINT WARNING * * *
Pargi closely misses you. Pargi claws you but does no damage.
You kill Pargi!
The troll leather armour {Pargi} is intact enough to wear.
Your Short Blades skill increases to level 1!
Your Unarmed Combat skill increases to level 1!
You have reached level 5!
Things that are here:
a +0 troll leather armour {Pargi}; the troll corpse of Pargi
l - a +0 troll leather armour {Pargi} You drop a +0 troll leather armour {Pargi}.
HP restored.
A rat comes into view.
The rat bites you but does no damage.
You hit the rat.
You kill the rat!
You see here a rat corpse.
An iguana comes into view.
The iguana hisses angrily.
You closely miss the iguana. The iguana bites you!
You barely miss the iguana. The iguana closely misses you.
You completely miss the iguana. The iguana barely misses you.
You barely miss the iguana. The iguana bites you.
You barely miss the iguana.
Your tail-slap misses the iguana.
The iguana bites you.
You hit the iguana but do no damage. The iguana bites you.
You barely miss the iguana. The iguana misses you.
You hit the iguana but do no damage.
The iguana is poisoned.
The iguana bites you.
You closely miss the iguana.
The iguana is lightly wounded.
The iguana closely misses you.
You closely miss the iguana.
The iguana is moderately wounded.
The iguana bites you!
* * * LOW HITPOINT WARNING * * *
The iguana attacks as you move away! The iguana bites you!
You die...

##.###.# #.# #.# #.# #.#
#.# #.# ##.###.# .......#
##.##### ########### .
#..# ###≈≈≈≈≈≈≈≈§###....
..†#####........@l........
.........#≈≈≈≈≈≈≈≈≈#+.....
...################# ...
#..# . ##.# #.# #.# #.#
#.#


You could see an iguana (poisoned).

Vanquished Creatures
  Pargi (D:3)
  2 adders (D:2)
  An ufetubus (D:2)
  4 endoplasms
  3 giant cockroaches
  8 goblins
  4 hobgoblins
  2 jackals (D:1)
  2 kobolds (D:1)
  A quokka (D:2)
  5 ball pythons
  5 frilled lizards
  6 rats
44 creatures vanquished.

Vanquished Creatures (others)
  A plant (D:1)
1 creature vanquished.

Grand Total: 45 creatures vanquished

Notes
Turn   | Place    | Note
-------+----------+-------------------------------------------
     0 | D:1      | hquester the Draconian Conjurer began the quest for the
                  | Orb.
     0 | D:1      | Reached XP level 1. HP: 14/14 MP: 3/3
   163 | D:1      | Reached XP level 2. HP: 5/22 MP: 3/5
   587 | D:1      | Found a faded altar of an unknown god.
  1030 | D:1      | Found Fosirgha's Antique Weapon Shop.
  1345 | D:2      | Reached XP level 3. HP: 21/27 MP: 6/6
  1740 | D:2      | Reached skill level 1 in Fighting
  1932 | D:3      | Reached XP level 4. HP: 35/35 MP: 7/7
  1987 | D:3      | Noticed Pargi
  2004 | D:3      | Killed Pargi
  2005 | D:3      | Reached skill level 1 in Short Blades
  2005 | D:3      | Reached skill level 1 in Unarmed Combat
  2005 | D:3      | Reached XP level 5. HP: 10/40 MP: 8/8
  2301 | D:3      | Slain by an iguana

Illustrated notes

Levels and vault maps discovered:
D:1:      roderic_chinese_lattice_arrival, layout_loops_ring,
          hellmonk_ecumenical_altar_arch_garden, serial_shops, shop_fountains,
          serial_bayou_pond_c
D:2:      layout_basic
D:3:      layout_loops_corners, kennysheep_another_room, st_stairs_12,
          minivault_25, amcnicky_mini_rare_corridor_liquid, minmay_box_of_dots,
          uniq_pargi, uniq_sigmund

Skill      XL: |  1  2  3  4 |
---------------+-------------+-----
Stealth        | 2 |  2.3
Dodging        | 2 |  2.5
Fighting       | 1 |  1.4
Short Blades   | 1 |  1.6
Unarmed Combat | 1 |  1.0
Spellcasting   | |  2.3
Conjurations   | |  4.9

Action                   |  1- 3 |  4- 6 || total
-------------------------+-------+-------++-------
Melee: Dagger            |    51 |       ||    51
       Unarmed           |    42 |       ||    42
       Tailslap          |    15 |     1 ||    16
       Short sword       |    42 |    21 ||    63
       Punch             |     1 |       ||     1
 Cast: Magic Dart        |    36 |       ||    36
  Use: Scroll            |     2 |       ||     2
 Stab: Sleeping          |     2 |       ||     2
Armor: Skin              |    39 |     8 ||    47
Dodge: Dodged            |    92 |    25 ||   117

Table legend: (Time is in decaauts)
 A = Elapsed time spent in this place.
 B = Non-inter-level travel time spent in this place.
 C = Inter-level travel time spent in this place.
 D = Time resting spent in this place.
 E = Time spent auto-exploring this place.
 F = Levels seen in this place.
 G = Mean time per level.
                   A        B        C        D        E       F      G
               +--------+--------+--------+--------+--------+-----+--------+
         Total |   2315 |   2315 |      0 |     40 |   1562 |   3 |  771.7 |
       Dungeon |   2315 |   2315 |      0 |     40 |   1562 |   3 |  771.7 |
               +--------+--------+--------+--------+--------+-----+--------+

Top non-repeatable levels by time:
     D:1: 1342 daAuts
     D:2: 591 daAuts
     D:3: 382 daAuts
